AoeStats
← TheBunjiMunji

Arabia

510339764Analyzed
4v4 RM · 1d ago on Sep 30, 2026· 30m 27s· 8 players
Game mode
Random Map
Map size
Large (8 player)
Population
200
Speed
Normal
Resources
Standard
Victory
Conquest
Starting age
Dark Age
Ending age
Imperial Age
RankedLock teamsTeams togetherTeam positionsShared explorationLock speedFull tech treeHidden civsTurbo modeCheats
Victory
Defeat
🇮🇩 Wu · Indonesia
963
+12
🇪🇪 Franks · Estonia
927
+14
🇸🇦 Magyars · Saudi Arabia
916
+14
🇨🇱 Poles · Chile
901
+14
🇬🇧 Georgians · United Kingdom
890
-14
🇲🇽 Chinese · Mexico
876
-14
🇬🇷 Italians · Greece
865
-13
🇦🇹 Varangians · Austria
861
-13
TheBunjiMunji
9:47 Loom
12:12 Feudal Age
17:35 Castle Age
16:34 Double-Bit Axe
16:30 Horse Collar
22:19 Bow Saw
26:33 Heavy Plow
27:35 Fletching
28:32 Wheelbarrow
27:43 Town Watch
29:43 Town Patrol
sebastianbecker1
1:56 Loom
13:23 Feudal Age
13:57 Double-Bit Axe
15:25 Bloodlines
17:04 Horse Collar
18:30 Scale Barding Armor
23:54 Castle Age
22:17 Forging
22:10 Scale Mail Armor
23:40 Gold Mining
25:40 Bow Saw
25:37 Husbandry
25:48 Heavy Plow
26:37 Town Watch
29:05 Wheelbarrow
avvocatore
0:30 Loom
11:51 Feudal Age
13:47 Wheelbarrow
12:58 Town Watch
13:06 Gold Mining
15:21 Horse Collar
16:12 Double-Bit Axe
22:25 Castle Age
20:36 Scale Mail Armor
20:47 Forging
23:32 Heavy Plow
23:45 Bow Saw
25:21 Town Patrol
25:22 Pikeman
26:04 Squires
27:26 Stone Mining
29:15 Hand Cart
30:25 Stone Shaft Mining
30:48 Iron Casting
30:28 Chain Mail Armor
30:05 Fletching
30:15 Padded Archer Armor
VicRoldanG
0:33 Loom
11:57 Feudal Age
13:30 Wheelbarrow
12:43 Double-Bit Axe
12:41 Horse Collar
18:51 Castle Age
17:17 Fletching
18:16 Stone Mining
18:20 Gold Mining
20:02 Bodkin Arrow
25:53 Forging
CrazyWolf
12:26 Feudal Age
11:30 Loom
13:21 Double-Bit Axe
13:17 Horse Collar
19:35 Scale Barding Armor
23:47 Castle Age
24:26 Wheelbarrow
24:45 Heavy Plow
24:58 Bow Saw
26:38 Gold Mining
26:41 Stone Mining
26:24 Light Cavalry
27:15 Bloodlines
27:05 Husbandry
rondelok
5:12 Loom
12:01 Feudal Age
16:29 Castle Age
14:35 Double-Bit Axe
19:14 Bow Saw
19:02 Gold Mining
21:18 Wheelbarrow
21:00 Forging
20:56 Scale Barding Armor
24:52 Chain Barding Armor
Paradise
12:00 Feudal Age
10:41 Loom
17:49 Castle Age
15:59 Horse Collar
22:58 Wheelbarrow
30:08 Heavy Plow
Whorthles
9:48 Loom
12:06 Feudal Age
18:21 Double-Bit Axe
25:02 Castle Age
24:11 Forging
24:07 Scale Barding Armor
24:44 Bloodlines
27:55 Iron Casting
29:59 Chain Barding Armor
30:47 Horse Collar
Connection lost

Rejoining the realm…

Still unreachable

The connection could not be restored.

Session expired

The server has moved on; the page needs a fresh start.